AoeStats
← die trying

Arabian Desert

508698021Analyzed
1v1 RM · 8d ago on Sep 23, 2026· 33m 53s· 2 players
Game mode
Random Map
Map size
Tiny (2 player)
Population
200
Speed
Normal
Resources
Standard
Victory
Conquest
Starting age
Dark Age
Ending age
Imperial Age
RankedLock teamsTeams togetherTeam positionsShared explorationLock speedFull tech treeHidden civsTurbo modeCheats
Victory
Defeat
🇨🇱 Mongols · Chile
1894
+12
🇧🇷 Mapuche · Brazil
1812
-12
SupeR_Maxmoll
6:41 Loom
9:05 Feudal Age
13:23 Double-Bit Axe
19:42 Fletching
23:28 Castle Age
24:41 Forging
26:19 Town Watch
33:46 Gold Mining
die trying
5:21 Loom
7:51 Feudal Age
8:00 Man-at-Arms
8:36 Town Watch
12:46 Double-Bit Axe
15:04 Fletching
18:55 Horse Collar
21:59 Castle Age
20:46 Padded Archer Armor
22:13 Scale Barding Armor
21:51 Horse Collar
22:44 Bloodlines
24:10 Scale Barding Armor
28:23 Husbandry
29:10 Bow Saw
29:37 Bodkin Arrow
33:58 Ballistics
Connection lost

Rejoining the realm…

Still unreachable

The connection could not be restored.

Session expired

The server has moved on; the page needs a fresh start.